 Dungeon Crawl Stone Soup version 0.31.0-12-g77e489cdc1 (webtiles) character file.

Game seed: 14205240937180715397

1150 Descartes the Blocker (level 8, -3/58 HPs)
             Began as a Formicid Fighter on Feb 12, 2024.
             Slain by an orc warrior
             ... wielding a +0 glaive
              (18 damage)
             ... on level 6 of the Dungeon.
             The game lasted 00:09:19 (5148 turns).

Descartes the Blocker (Formicid Fighter)            Turns: 5148, Time: 00:09:20

Health: -3/58      AC:  5    Str: 23    XL:     8   Next: 65%
Magic:  8/8        EV: 10    Int:  8    God:
Gold:   417        SH: 13    Dex: 19    Spells: 7/7 levels left

rFire   . . .        p - +3 trident
rCold   . . .        c - +0 buckler
rNeg    . . .        j - +1 leather armour {rPois}
rPois   +            (helmet unavailable)
rElec   .            (no cloak)
rCorr   .            (no gloves)
SInv    +            m - +0 pair of boots
Will    .....        h - amulet of reflection
Stlth   +            v - +6 ring of dexterity
HPRegen 0.29/turn    b - ring of flight
MPRegen 0.11/turn

%: reflection
@: flying
A: permanent stasis, dig shafts and tunnels, antennae 3, four strong arms
a: Dig, Shaft Self


You were on level 6 of the Dungeon.
You visited 2 branches of the dungeon, and saw 7 of its levels.
You also visited: Ossuary.

You collected 417 gold pieces.

Inventory:

Hand Weapons
 a - a +0 war axe
 i - a +1 morningstar of protection
 p - a +3 trident (weapon)
Missiles
 o - 6 javelins
 w - 7 poisoned darts
Armour
 c - a +0 buckler (worn)
 j - a +1 leather armour of poison resistance (worn)
 m - a +0 pair of boots (worn)
 u - a +0 chain mail
Jewellery
 b - a ring of flight (right hand)
 h - an amulet of reflection (around neck)
 v - a +6 ring of dexterity (left hand)
Wands
 e - a wand of charming (14)
Scrolls
 k - a scroll of fog
 q - 2 scrolls of immolation
 r - 3 scrolls of revelation
 s - 2 scrolls of noise {unknown}
 x - a scroll of enchant armour {unknown}
 y - a scroll of poison {unknown}
 z - a scroll of acquirement {unknown}
 C - a scroll of torment {unknown}
 D - a scroll of enchant weapon {unknown}
 E - a scroll of fear {unknown}
 F - a scroll of identify
Potions
 d - a potion of ambrosia {unknown}
 f - 3 potions of cancellation
 g - a potion of lignification {unknown}
 l - 2 potions of haste {unknown}
 n - a potion of degeneration {unknown}
 t - a potion of curing {unknown}
 A - a potion of invisibility
 B - a potion of mutation {unknown}


   Skills:
 - Level 3.2 Fighting
 - Level 2.0(3.6) Axes
 - Level 4.7(5.0) Polearms
 - Level 3.2 Armour
 + Level 11.5 Shields


You had 7 spell levels left.
You didn't know any spells.
Your spell library contained the following spells:

 Spells                   Type           Power      Damage    Failure   Level
 Apportation              Tloc           0%         N/A       50%         1
 Magic Dart               Conj           0%         1d3       50%         1
 Call Imp                 Summ           0%         N/A       63%         2
 Jinxbite                 Hex            0%         N/A       63%         2
 Alistair's Intoxication  Alch           0%         N/A       100%        5
 Blink                    Tloc           Unusable   N/A       N/A         2

Dungeon Overview and Level Annotations

Branches:
Dungeon (6/15)             Temple (1/1) D:5         Ossuary (visited)

Altars:
Ashenzari
Cheibriados
Dithmenos
Fedhas
Hepliaklqana
Kikubaaqudgha
Nemelex Xobeh
Okawaru
Ru
Sif Muna
Trog
Vehumet
Xom
Yredelemnul
Zin

Shops:
D:4 *[:((   D:6 *


Innate Abilities, Weirdness & Mutations

You cannot be hasted, slowed, berserked, paralysed or teleported.
You can dig through walls and to a lower floor.
You have a pair of large antennae on your head. (SInv)
Your four strong arms can wield two-handed weapons with a shield.


Message History

You reach to attack!
You hit the orc warrior but do no damage.
The orc warrior is moderately wounded.
The orc warrior hits you from afar with a +0 glaive!
You are too injured to fight recklessly!
You are too injured to fight recklessly!
You are too injured to fight recklessly!
You are too injured to fight recklessly!
You are too injured to fight recklessly!
You are too injured to fight recklessly!
You are too injured to fight recklessly!
You are too injured to fight recklessly!
You are too injured to fight recklessly!
You are too injured to fight recklessly!
You are too injured to fight recklessly!
You are too injured to fight recklessly!
You are too injured to fight recklessly!
You are too injured to fight recklessly!
You are too injured to fight recklessly!
You are too injured to fight recklessly!
Unknown command.
You are too injured to fight recklessly!
The orc warrior hits you with a +0 glaive!
* * * LOW HITPOINT WARNING * * *
There is an open door here.
Things that are here:
a +0 dagger; a +0 robe; an orc corpse You closely miss the orc warrior.
The orc warrior is moderately wounded.
The orc warrior closely misses you.
You hit the orc warrior.
The orc warrior is moderately wounded.
The orc warrior barely misses you.
You hit the orc warrior but do no damage.
The orc warrior is moderately wounded.
You block the orc warrior's attack.
You puncture the orc warrior!
The orc warrior is heavily wounded.
The orc warrior hits you with a +0 glaive!!
You die...

........#...........#,,,*........
..<.....#...........+,,,*........
.###....#...........#,,,*###.##..
####....#.....#######**+***#,*#..
........#.....#....#,,,,,,,,,,...
........'.....#....#,,,,,,,,,....
........#.....#....#,,,,,,,,.....
........#.....#..o.#,,,,,,,,,,,,,
#########.....##@########+####+##
...............).................
.................................
.................................
.................................
.................................
.......######+####...............
#......#.........#.........###+#.
#......#.....∩...#.........#.....


You could see an orc warrior.

Vanquished Creatures
  Eustachio (D:5)
  A black bear (D:4)
  3 ogres
  2 bombardier beetles
  2 jellies
  3 hounds
  Jessica (D:2)
  2 iguanas
  An orc wizard (D:6)
  8 mummies (Ossuary)
  9 adders
  4 gnolls (D:4)
  A white imp (D:4)
  3 ribbon worms
  4 dart slugs
  6 orcs
  8 endoplasms
  4 giant cockroaches
  7 goblins
  7 hobgoblins
  11 jackals
  4 kobolds
  2 quokkas
  12 ball pythons
  6 bats
  5 frilled lizards
  2 hobgoblin zombies (Ossuary)
  3 kobold zombies (Ossuary)
  3 orc zombies (Ossuary)
  5 rats
130 creatures vanquished.

Notes
Turn   | Place    | Note
-------+----------+-------------------------------------------
     0 | D:1      | Descartes the Formicid Fighter began the quest for the Orb.
     0 | D:1      | Reached XP level 1. HP: 18/18 MP: 1/1
    53 | D:1      | Reached XP level 2. HP: 20/24 MP: 2/2
   219 | D:1      | Reached skill level 5 in Shields
   468 | D:1      | Reached XP level 3. HP: 27/29 MP: 3/3
   809 | D:2      | Reached skill level 6 in Shields
   823 | D:2      | Found a faded altar of an unknown god.
   824 | D:2      | Noticed an eye of devastation
   835 | D:2      | Noticed a golden eye
   840 | D:2      | Reached XP level 4. HP: 35/35 MP: 4/4
   893 | D:2      | Noticed a great orb of eyes
   907 | D:2      | Noticed a golden eye
  1178 | D:2      | Noticed Jessica
  1185 | D:2      | Killed Jessica
  1186 | D:2      | Reached skill level 7 in Shields
  1186 | D:2      | Reached XP level 5. HP: 41/41 MP: 5/5
  1937 | D:3      | Reached skill level 1 in Polearms
  2380 | D:4      | Reached XP level 6. HP: 47/47 MP: 6/6
  2433 | D:4      | Found Liol's Antique Armour Shop.
  2570 | D:4      | Found Becrig's General Store.
  2576 | D:4      | HP: 2/47 [gnoll/+0 club (1)]
  2589 | D:4      | Reached skill level 8 in Shields
  2947 | D:4      | Noticed an ogre
  2955 | D:4      | Killed an ogre
  2956 | D:4      | Reached XP level 7. HP: 10/52 MP: 7/7
  3188 | D:4      | Found Gymucext's Antique Weapon Boutique.
  3310 | D:4      | Found Qyfuemn's Antique Weapon Emporium.
  3316 | D:4      | Reached skill level 9 in Shields
  3361 | D:4      | Found Ceosus's Book Boutique.
  3453 | D:5      | Entered Level 5 of the Dungeon
  3456 | D:5      | Found a sacrificial altar of Ru.
  3498 | D:5      | Found a staircase to the Ecumenical Temple.
  3506 | Temple   | Entered the Ecumenical Temple
  3546 | D:5      | Noticed Eustachio
  3576 | D:5      | Killed Eustachio
  3577 | D:5      | Reached XP level 8. HP: 36/58 MP: 8/8
  3715 | D:5      | Reached skill level 10 in Shields
  4033 | D:5      | Identified the +4 ring mail of the Barracuda {rF- Dex+3}
  4078 | D:5      | Found a shadowy altar of Dithmenos.
  4258 | D:5      | Found a blossoming altar of Fedhas.
  4401 | D:6      | Found Melalusewu's Assorted Antiques.
  4430 | D:6      | Found a sand-covered staircase.
  4448 | Ossuary  | Entered an ossuary
  4492 | Ossuary  | Reached skill level 11 in Shields
  5148 | D:6      | Slain by an orc warrior

Illustrated notes

Levels and vault maps discovered:
D:1:      zelgadis_glass_arrival_small, layout_loops_cross, hangedman_decor_push
D:2:      layout_basic, hellmonk_ecumenical_altar_watching_god, uniq_jessica
D:3:      layout_basic, eino_tiny_chamber
D:4:      layout_basic, serial_shops, shop_statue, shop, shop, shop, shop
D:5:      layout_loops_ring, mainiacjoe_overflow_boulevard,
          nicolae_dithmenos_the_darkroom, mainiacjoe_overflow_chevrons,
          minmay_temple_entry_trees, serial_glass, glass_columns_a,
          glass_columns_b, minmay_strange_pillars, due_unseen_surprise,
          st_stairs_6, uniq_eustachio
D:6:      layout_gridville, enter_ossuary_1, serial_shops, shop, shop_fountains,
          minivault_26, uniq_maggie
Temple:   hellmonk_temple_forest_ring

Skill      XL: |  1  2  3  4  5  6  7  8 |
---------------+-------------------------+-----
Shields        | 5 6 7 8 9 11 | 11.5
Polearms       | 1 3 4 |  4.7
Fighting       | |  3.2
Axes           | |  2.0
Armour         | |  3.2

Action                     |  1- 3 |  4- 6 |  7- 9 || total
---------------------------+-------+-------+-------++-------
  Melee: War axe           |    88 |    58 |       ||   146
         Trident           |       |   119 |   181 ||   300
Ability: Dig               |       |       |     1 ||     1
    Use: Potion            |       |     5 |       ||     5
         Scroll            |       |       |     5 ||     5
   Stab: Sleeping          |     1 |       |       ||     1
         Invisible         |       |     1 |       ||     1
 Armour: Scale mail        |    58 |       |       ||    58
         Leather armour    |     3 |    99 |    68 ||   170
  Dodge: Dodged            |    50 |    72 |    49 ||   171
  Block: Buckler           |    28 |    57 |    57 ||   142
